| TOP OF THE 1ST |
|
Williamsport Crosscutters batting - Pitching for State College Spikes : LHP Jon Zaragoza
|
|
Pitching: LHP Jon Zaragoza
|
|
|
Batting: RHB Jason Ostrom
|
0-0: Ball 1-0: Called Strike 1-1: Ground out 6-3 (Groundball, 6, EV 91.2 MPH)
|
|
Batting: SHB Art Kent
|
0-0: Called Strike 0-1: Ball 1-1: Ball 2-1: Ball 3-1: Ground out 5-3 (Groundball, 56, EV 105.0 MPH)
|
|
Batting: RHB Xavier Castellanos
|
0-0: Ground out 4-3 (Groundball, 4, EV 106.2 MPH)
|
| Top of the 1st over - 0 runs, 0 hits, 0 errors, 0 left on base; Williamsport 0 - State College 0 |
| BOTTOM OF THE 1ST |
|
State College Spikes batting - Pitching for Williamsport Crosscutters : RHP Chris Leavitt
|
|
Pitching: RHP Chris Leavitt
|
|
|
Batting: RHB Bobby Miles
|
0-0: Ball 1-0: Ground out 5-3 (Groundball, 56S, EV 63.8 MPH)
|
|
Batting: RHB Pat Scaturro
|
0-0: Foul Ball, location: 2F 0-1: Ball 1-1: Ball 2-1: Hit by Pitch
|
|
Batting: LHB Ken Morehead
|
0-0: Ball 1-0: DOUBLE (Flyball, 89D, EV 106.9 MPH) Pat Scaturro to third Runner from 3rd tries for Home, throw by RF and OUT! 9-4-2 Ken Morehead to third
|
|
Batting: RHB Sam Daw
|
0-0: Called Strike 0-1: Ball 1-1: Ball 2-1: Foul Ball, location: 2F 2-2: Foul Ball, location: 2F 2-2: Ball 3-2: Base on Balls
|
|
Batting: RHB Nelson Salamanca
|
0-0: Swinging Strike 0-1: Swinging Strike 0-2: Strikes out swinging
|
| Bottom of the 1st over - 0 runs, 1 hit, 0 errors, 2 left on base; Williamsport 0 - State College 0 |
| TOP OF THE 2ND |
|
Williamsport Crosscutters batting - Pitching for State College Spikes : LHP Jon Zaragoza
|
|
Batting: RHB John Manocchio
|
0-0: Foul Ball, location: 2F 0-1: Ball 1-1: Ball 2-1: Ball 3-1: Foul Ball, location: 2F 3-2: Fly out, F4 (Popup, 3D, EV 58.8 MPH)
|
|
Batting: RHB Shintaro Katsumata
|
0-0: Called Strike 0-1: Ball 1-1: Foul Ball, location: 2F 1-2: Foul Ball, location: 2F 1-2: Foul Ball, location: 2F 1-2: SINGLE (Groundball, 56S, EV 71.2 MPH) (infield hit)
|
|
Batting: LHB Chris Moody
|
0-0: Foul Ball, location: 2F 0-1: Ball 1-1: Called Strike 1-2: Strikes out swinging
|
|
Batting: RHB Nick Cottrell
|
0-0: Called Strike 0-1: Ball Shintaro Katsumata steals 2nd base 1-1: Foul Ball, location: 2F 1-2: Ball 2-2: Foul Ball, location: 2F 2-2: Ground out 1-3 (Groundball, 13S, EV 64.4 MPH)
|
| Top of the 2nd over - 0 runs, 1 hit, 0 errors, 1 left on base; Williamsport 0 - State College 0 |
| BOTTOM OF THE 2ND |
|
State College Spikes batting - Pitching for Williamsport Crosscutters : RHP Chris Leavitt
|
|
Batting: SHB Bobby Mercado
|
0-0: Ball 1-0: Called Strike 1-1: Ball 2-1: Foul Ball, location: 2F 2-2: Strikes out swinging
|
|
Batting: RHB Ben Politi
|
0-0: Ball 1-0: Swinging Strike 1-1: Foul Ball, location: 2F 1-2: Strikes out swinging
|
|
Batting: RHB Mario Carbajal
|
0-0: Called Strike 0-1: Foul Ball, location: 2F 0-2: Foul Ball, location: 2F 0-2: Foul Ball, location: 2F 0-2: Ball 1-2: Strikes out swinging
|
| Bottom of the 2nd over - 0 runs, 0 hits, 0 errors, 0 left on base; Williamsport 0 - State College 0 |
| TOP OF THE 3RD |
|
Williamsport Crosscutters batting - Pitching for State College Spikes : LHP Jon Zaragoza
|
|
Batting: RHB Leon Edwards
|
0-0: Ball 1-0: Ball 2-0: Foul Ball, location: 2F 2-1: Ball 3-1: Foul Ball, location: 2F 3-2: Foul Ball, location: 2F 3-2: Base on Balls
|
|
Batting: RHB Micah McErlean
|
0-0: Called Strike 0-1: Fielders Choice at 2nd, 5-4 (Groundball, 56, EV 102.5 MPH)
|
|
Batting: RHB Jason Ostrom
|
0-0: Called Strike 0-1: Ball 1-1: Called Strike 1-2: Fly out, F9 (Line Drive, 9D, EV 101.2 MPH)
|
|
Batting: SHB Art Kent
|
0-0: Ball 1-0: Ball 2-0: Ball 3-0: Called Strike 3-1: Base on Balls Micah McErlean to second
|
|
Batting: RHB Xavier Castellanos
|
0-0: Ball 1-0: Ball 2-0: Ball 3-0: Base on Balls Micah McErlean to third Art Kent to second
|
|
Batting: RHB John Manocchio
|
0-0: Ball Wild Pitch! Micah McErlean scores Art Kent to third Xavier Castellanos to second 1-0: Ball 2-0: Foul Ball, location: 2F 2-1: Ball 3-1: Base on Balls
|
|
Batting: RHB Shintaro Katsumata
|
0-0: SINGLE (Line Drive, 5D, EV 97.5 MPH) Art Kent scores Xavier Castellanos to third John Manocchio to second Runner from 3rd tries for Home, SAFE, throw by LF to home
|
|
Batting: LHB Chris Moody
|
0-0: Called Strike 0-1: Ball 1-1: Foul Ball, location: 2F 1-2: Ball 2-2: Foul Ball, location: 2F 2-2: SINGLE (Groundball, 34D, EV 103.1 MPH) John Manocchio to third Shintaro Katsumata to second Runner from 3rd tries for Home, SAFE, throw by RF to home
|
|
Batting: RHB Nick Cottrell
|
0-0: Called Strike 0-1: Ball 1-1: Ball 2-1: Ball 3-1: Foul Ball, location: 2F 3-2: Base on Balls Shintaro Katsumata to third Chris Moody to second
|
|
Batting: RHB Leon Edwards
|
0-0: Called Strike 0-1: Foul Ball, location: 2F 0-2: Foul Ball, location: 2F 0-2: Strikes out swinging
|
| Top of the 3rd over - 4 runs, 2 hits, 0 errors, 3 left on base; Williamsport 4 - State College 0 |
| BOTTOM OF THE 3RD |
|
State College Spikes batting - Pitching for Williamsport Crosscutters : RHP Chris Leavitt
|
|
Batting: RHB Tim Cleary
|
0-0: Ball 1-0: Ball 2-0: Ball 3-0: DOUBLE (Flyball, 78XD, EV 100.6 MPH)
|
|
Batting: RHB Bobby Miles
|
0-0: Called Strike 0-1: Ground out 6-3 (Groundball, 6, EV 85.0 MPH) Tim Cleary to third
|
|
Batting: RHB Pat Scaturro
|
0-0: Ball 1-0: Fly out, F7 (Flyball, 7, EV 97.5 MPH)
|
|
Batting: LHB Ken Morehead
|
0-0: Ball 1-0: Swinging Strike 1-1: Ball 2-1: Foul Ball, location: 2F 2-2: Foul Ball, location: 2F 2-2: Strikes out looking
|
| Bottom of the 3rd over - 0 runs, 1 hit, 0 errors, 1 left on base; Williamsport 4 - State College 0 |
| TOP OF THE 4TH |
|
Williamsport Crosscutters batting - Pitching for State College Spikes : LHP Jon Zaragoza
|
|
Batting: RHB Micah McErlean
|
0-0: SINGLE (Groundball, 6D, EV 105.0 MPH)
|
|
Batting: RHB Jason Ostrom
|
0-0: Called Strike 0-1: Fly out, F9 (Flyball, 9, EV 86.9 MPH)
|
|
Batting: SHB Art Kent
|
0-0: Ball 1-0: Foul Ball, location: 2F 1-1: Ball 2-1: Swinging Strike 2-2: SINGLE (Groundball, 6MD, EV 105.6 MPH) Micah McErlean to second Runner from 2nd tries for 3rd, SAFE, throw by CF made to third
|
|
Batting: RHB Xavier Castellanos
|
0-0: Swinging Strike 0-1: DOUBLE (Groundball, 5L, EV 96.2 MPH) Micah McErlean scores Art Kent to third Runner from 3rd tries for Home, SAFE, throw by LF to trailing runner, OUT at third! 7-3-5
|
|
Batting: RHB John Manocchio
|
0-0: Ball 1-0: Swinging Strike 1-1: Foul Ball, location: 2F 1-2: Foul Ball, location: 2F 1-2: Strikes out swinging
|
| Top of the 4th over - 2 runs, 3 hits, 0 errors, 0 left on base; Williamsport 6 - State College 0 |
| BOTTOM OF THE 4TH |
|
State College Spikes batting - Pitching for Williamsport Crosscutters : RHP Chris Leavitt
|
|
Batting: RHB Sam Daw
|
0-0: Ball 1-0: Called Strike 1-1: Swinging Strike 1-2: Foul Ball, location: 2F 1-2: Ball 2-2: Foul Ball, location: 2F 2-2: Ball 3-2: Strikes out looking
|
|
Batting: RHB Nelson Salamanca
|
0-0: Ball 1-0: Called Strike 1-1: Swinging Strike 1-2: Foul Ball, location: 2F 1-2: Ball 2-2: Strikes out swinging
|
|
Batting: SHB Bobby Mercado
|
0-0: Called Strike 0-1: Ball 1-1: Swinging Strike 1-2: Foul Ball, location: 2F 1-2: Ball 2-2: Strikes out swinging
|
| Bottom of the 4th over - 0 runs, 0 hits, 0 errors, 0 left on base; Williamsport 6 - State College 0 |
| TOP OF THE 5TH |
|
Williamsport Crosscutters batting - Pitching for State College Spikes : LHP Jon Zaragoza
|
|
Pitching: RHP Howie Seidler
|
|
|
Batting: RHB Shintaro Katsumata
|
0-0: Called Strike 0-1: Swinging Strike 0-2: Strikes out swinging
|
|
Batting: LHB Chris Moody
|
0-0: Called Strike 0-1: Ball 1-1: Swinging Strike 1-2: Ball 2-2: Foul Ball, location: 2F 2-2: Foul Ball, location: 2F 2-2: Ball 3-2: Fly out, F9 (Line Drive, 89M, EV 88.8 MPH)
|
|
Batting: RHB Nick Cottrell
|
0-0: Called Strike 0-1: Swinging Strike 0-2: Foul Ball, location: 2F 0-2: Foul Ball, location: 2F 0-2: Strikes out swinging
|
| Top of the 5th over - 0 runs, 0 hits, 0 errors, 0 left on base; Williamsport 6 - State College 0 |
| BOTTOM OF THE 5TH |
|
State College Spikes batting - Pitching for Williamsport Crosscutters : RHP Chris Leavitt
|
|
Batting: RHB Ben Politi
|
0-0: Called Strike 0-1: Ball 1-1: Ball 2-1: Foul Ball, location: 2F 2-2: Foul Ball, location: 2F 2-2: Strikes out swinging
|
|
Batting: RHB Mario Carbajal
|
0-0: SINGLE (Line Drive, 56D, EV 99.4 MPH)
|
|
Batting: RHB Tim Cleary
|
0-0: Ball 1-0: Fly out, F3 (Popup, 3SF, EV 76.9 MPH)
|
|
Batting: RHB Bobby Miles
|
0-0: Ball 1-0: Ball 2-0: Ball 3-0: Base on Balls Mario Carbajal to second
|
|
Batting: RHB Pat Scaturro
|
0-0: Ball 1-0: Ball 2-0: Foul Ball, location: 2F 2-1: Ball 3-1: Foul Ball, location: 2F 3-2: 3-RUN HOME RUN (Flyball, 7D, EV 111.2 MPH), Distance : 397 ft
|
|
Batting: LHB Ken Morehead
|
0-0: Ball 1-0: SOLO HOME RUN (Flyball, 9D, EV 103.1 MPH), Distance : 374 ft
|
|
Batting: RHB Sam Daw
|
0-0: Ball 1-0: Ground out 5-3 (Groundball, 56, EV 84.4 MPH)
|
| Bottom of the 5th over - 4 runs, 3 hits, 0 errors, 0 left on base; Williamsport 6 - State College 4 |
| TOP OF THE 6TH |
|
Williamsport Crosscutters batting - Pitching for State College Spikes : RHP Howie Seidler
|
|
Batting: RHB Leon Edwards
|
0-0: Fly out, F1 (Line Drive, P, EV 70.6 MPH)
|
|
Batting: RHB Micah McErlean
|
0-0: SINGLE (Groundball, 6MD, EV 94.4 MPH)
|
|
Batting: RHB Jason Ostrom
|
0-0: Called Strike 0-1: Called Strike 0-2: Ball 1-2: Ball 2-2: SINGLE (Flyball, 8RS, EV 99.4 MPH) Micah McErlean to second
|
|
Batting: SHB Art Kent
|
0-0: Called Strike 0-1: Swinging Strike 0-2: Ball 1-2: Grounds into double play, 5-4-3 (Groundball, 56, EV 106.2 MPH)
|
| Top of the 6th over - 0 runs, 2 hits, 0 errors, 1 left on base; Williamsport 6 - State College 4 |
| BOTTOM OF THE 6TH |
|
State College Spikes batting - Pitching for Williamsport Crosscutters : RHP Chris Leavitt
|
|
Batting: RHB Nelson Salamanca
|
0-0: Called Strike 0-1: Foul Ball, location: 2F 0-2: Ball 1-2: Strikes out swinging, 2-3 out at first.
|
|
Pitching: RHP David Deon
|
|
|
Batting: SHB Bobby Mercado
|
0-0: Swinging Strike 0-1: SINGLE (Line Drive, 89S, EV 103.1 MPH)
|
|
Batting: RHB Ben Politi
|
0-0: Swinging Strike 0-1: Foul Ball, location: 2F 0-2: Foul Ball, location: 2F 0-2: Strikes out swinging
|
|
Pinch Hitting: LHB Jorge Zarazua
|
0-0: Called Strike 0-1: Called Strike Bobby Mercado steals 2nd base 0-2: Ball 1-2: Foul Ball, location: 2F 1-2: Ball 2-2: Foul Ball, location: 2F 2-2: 2-RUN HOME RUN (Flyball, 9D, EV 97.5 MPH), Distance : 368 ft
|
|
Batting: RHB Tim Cleary
|
0-0: Ball 1-0: SINGLE (Groundball, 56S, EV 62.5 MPH) (infield hit)
|
|
Batting: RHB Bobby Miles
|
0-0: Ball 1-0: Foul Ball, location: 2F 1-1: Ball 2-1: Fly out, F7 (Line Drive, 7S, EV 86.2 MPH)
|
| Bottom of the 6th over - 2 runs, 3 hits, 0 errors, 1 left on base; Williamsport 6 - State College 6 |
| TOP OF THE 7TH |
|
Williamsport Crosscutters batting - Pitching for State College Spikes : RHP Howie Seidler
|
|
Now at 3B: Nick Latulippe
|
|
|
Batting: RHB Xavier Castellanos
|
0-0: Ball 1-0: Swinging Strike 1-1: Swinging Strike 1-2: Strikes out swinging
|
|
Batting: RHB John Manocchio
|
0-0: Ball 1-0: Reached on error, E2 (Groundball, 15S, EV 66.2 MPH)
|
|
Batting: RHB Shintaro Katsumata
|
0-0: SINGLE (Groundball, 34D, EV 102.5 MPH) John Manocchio to third Runner from 3rd tries for Home, SAFE, throw by RF to home
|
|
Batting: LHB Chris Moody
|
0-0: Ball Shintaro Katsumata steals 2nd base (no throw) 1-0: Called Strike 1-1: Called Strike 1-2: Strikes out swinging
|
|
Batting: RHB Nick Cottrell
|
0-0: Ball 1-0: Ball 2-0: Called Strike 2-1: Fly out, F8 (Flyball, 8LM, EV 83.8 MPH)
|
| Top of the 7th over - 1 run, 1 hit, 1 error, 1 left on base; Williamsport 7 - State College 6 |
| BOTTOM OF THE 7TH |
|
State College Spikes batting - Pitching for Williamsport Crosscutters : RHP David Deon
|
|
Batting: RHB Pat Scaturro
|
0-0: Ball 1-0: Ball 2-0: Ground out 6-3 (Groundball, 56, EV 87.5 MPH)
|
|
Batting: LHB Ken Morehead
|
0-0: Ball 1-0: Swinging Strike 1-1: Foul Ball, location: 2F 1-2: Strikes out swinging
|
|
Batting: RHB Sam Daw
|
0-0: Foul Ball, location: 2F 0-1: Swinging Strike 0-2: Strikes out looking
|
| Bottom of the 7th over - 0 runs, 0 hits, 0 errors, 0 left on base; Williamsport 7 - State College 6 |
| TOP OF THE 8TH |
|
Williamsport Crosscutters batting - Pitching for State College Spikes : RHP Howie Seidler
|
|
Batting: RHB Leon Edwards
|
0-0: Foul Ball, location: 2F 0-1: SINGLE (Groundball, 4S, EV 75.6 MPH) (infield hit)
|
|
Batting: RHB Micah McErlean
|
0-0: Sac Bunt to P - play at first, batter OUT! 1-3 Leon Edwards to second
|
|
Batting: RHB Jason Ostrom
|
0-0: Foul Ball, location: 2F 0-1: Foul Ball, location: 2F 0-2: Ball 1-2: Ball 2-2: Ball 3-2: Fly out, F7 (Flyball, 7LD, EV 106.2 MPH) Runner from 2nd tags up, SAFE at 3rd, no throw by LF
|
|
Batting: SHB Art Kent
|
0-0: Called Strike 0-1: Ball 1-1: Ball 2-1: Foul Ball, location: 2F 2-2: Foul Ball, location: 2F 2-2: Strikes out swinging
|
| Top of the 8th over - 0 runs, 1 hit, 0 errors, 1 left on base; Williamsport 7 - State College 6 |
| BOTTOM OF THE 8TH |
|
State College Spikes batting - Pitching for Williamsport Crosscutters : RHP David Deon
|
|
Batting: SHB Devin Hottenstein
|
0-0: Ball 1-0: Ground out U3 (Groundball, 3, EV 100.0 MPH)
|
|
Batting: SHB Bobby Mercado
|
0-0: Foul Ball, location: 2F 0-1: Swinging Strike 0-2: Strikes out swinging
|
|
Pinch Hitting: LHB Ken Compton
|
0-0: Ball 1-0: Swinging Strike 1-1: Swinging Strike 1-2: Ball 2-2: Strikes out swinging
|
| Bottom of the 8th over - 0 runs, 0 hits, 0 errors, 0 left on base; Williamsport 7 - State College 6 |
| TOP OF THE 9TH |
|
Williamsport Crosscutters batting - Pitching for State College Spikes : RHP Howie Seidler
|
|
Pitching: RHP Mike Cain
|
|
|
Now in LF: Ken Compton
|
|
|
Now in RF: Sam Daw
|
|
|
Batting: RHB Xavier Castellanos
|
0-0: Called Strike 0-1: SOLO HOME RUN (Flyball, 7LD, EV 90.6 MPH), Distance : 334 ft
|
|
Batting: RHB John Manocchio
|
0-0: Ball 1-0: Ball 2-0: Ball 3-0: Base on Balls
|
|
Batting: RHB Shintaro Katsumata
|
0-0: Ball 1-0: Ball 2-0: Called Strike 2-1: Fly out, F2 (Popup, 2R, EV 95.0 MPH)
|
|
Batting: LHB Chris Moody
|
0-0: Called Strike 0-1: Foul Ball, location: 2F 0-2: Ball 1-2: Foul Ball, location: 2F 1-2: Strikes out swinging
|
|
Batting: RHB Nick Cottrell
|
0-0: Ball 1-0: Foul Ball, location: 2F 1-1: Called Strike 1-2: Foul Ball, location: 2F 1-2: Ball 2-2: Foul Ball, location: 2F 2-2: Strikes out swinging
|
| Top of the 9th over - 1 run, 1 hit, 0 errors, 1 left on base; Williamsport 8 - State College 6 |
| BOTTOM OF THE 9TH |
|
State College Spikes batting - Pitching for Williamsport Crosscutters : RHP David Deon
|
|
Pitching: RHP Mike Schoening
|
|
|
Now at 2B: Shintaro Katsumata
|
|
|
Now at 3B: Nick Chandler
|
|
|
Now at SS: Leon Edwards
|
|
|
Batting: RHB Nick Latulippe
|
0-0: Called Strike 0-1: Ball 1-1: Ball 2-1: Ground out 6-3 (Groundball, 6, EV 107.5 MPH)
|
|
Pinch Hitting: RHB Ricky Yerzy
|
0-0: Ball 1-0: Ball 2-0: Ball 3-0: Swinging Strike 3-1: Called Strike 3-2: Base on Balls
|
|
Batting: RHB Bobby Miles
|
0-0: Swinging Strike 0-1: Ball 1-1: Fielders Choice at 2nd, 6-4 (Groundball, 6, EV 103.8 MPH)
|
|
Batting: RHB Pat Scaturro
|
0-0: Ball 1-0: Ball 2-0: Called Strike 2-1: Fly out, F8 (Flyball, 8RD, EV 90.6 MPH)
|
| Bottom of the 9th over - 0 runs, 0 hits, 0 errors, 1 left on base; Williamsport 8 - State College 6 |
|